3AA
YAKIMA HOPS @ SAN ANTONIO BC
08/02/2034
 
TOP OF THE 1ST
Yakima Hops batting - Pitching for San Antonio BC : RHP Shawn Coleman
Pitching: RHP Shawn Coleman
Batting: SHB Zack Murphy 0-0: Ball
1-0: Foul Ball, location: 2F
1-1: Ball
2-1: SINGLE (Groundball, 3L) (infield hit)
Batting: LHB Gustavo Deleón 0-0: Foul Ball, location: 2F
0-1: Called Strike
Zack Murphy steals 2nd base
0-2: Ball
1-2: Foul Ball, location: 2F
1-2: Ground out 5-3 (Groundball, 56)
Batting: RHB Vonne Navarrete 0-0: Ball
1-0: SINGLE (Groundball, 56D)
Zack Murphy to third
Runner from 3rd tries for Home, SAFE, no throw
Batting: RHB George Hubbard 0-0: Called Strike
0-1: Called Strike
0-2: Ball
1-2: Strikes out swinging
Batting: LHB Wulf Paauwe 0-0: Called Strike
0-1: Ball
1-1: Swinging Strike
1-2: Ball
2-2: Ball
3-2: Base on Balls
Vonne Navarrete to second
Batting: RHB Lee Scrooby 0-0: Ball
1-0: Ball
2-0: Ball
3-0: Called Strike
3-1: Fly out, F9 (Flyball, 9D)
Top of the 1st over - 1 run, 2 hits, 0 errors, 2 left on base; Yakima 1 - San Antonio 0
BOTTOM OF THE 1ST
San Antonio BC batting - Pitching for Yakima Hops : LHP Felipe Lozano
Pitching: LHP Felipe Lozano
Batting: RHB Alfonso Torres 0-0: Ball
1-0: Called Strike
1-1: Ground out 4-3 (Groundball, 4)
Batting: RHB Tom Bancroft 0-0: Ball
1-0: SINGLE (Groundball, 5D)
Batting: RHB Mike Howard 0-0: Called Strike
Throwing error on steal attempt, E2
Tom Bancroft to third
0-1: Foul Ball, location: 2F
0-2: Ball
1-2: Foul Ball, location: 2F
1-2: Strikes out swinging
Batting: RHB Silverberry Mouhon 0-0: Swinging Strike
0-1: Ball
1-1: Foul Ball, location: 2F
1-2: SINGLE (Line Drive, 78S)
Tom Bancroft scores
Batting: RHB Chet Mathis 0-0: Fly out, F6 (Line Drive, 6)
Bottom of the 1st over - 1 run, 2 hits, 1 error, 1 left on base; Yakima 1 - San Antonio 1
TOP OF THE 2ND
Yakima Hops batting - Pitching for San Antonio BC : RHP Shawn Coleman
Batting: LHB Héctor Velázquez 0-0: Ball
1-0: Fly out, F6 (Popup, 6M)
Batting: RHB Jeromy Gride 0-0: Ball
1-0: Ball
2-0: Ball
3-0: Called Strike
3-1: Foul Ball, location: 2F
3-2: Ground out 1-3 (Groundball, P)
Batting: RHB Carlo Beedle 0-0: Called Strike
0-1: Called Strike
0-2: Ball
1-2: Ball
2-2: Ball
3-2: Base on Balls
Batting: SHB Zack Murphy 0-0: Ball
1-0: Fielders Choice at 2nd, 6-4 (Groundball, 6)
Top of the 2nd over - 0 runs, 0 hits, 0 errors, 1 left on base; Yakima 1 - San Antonio 1
BOTTOM OF THE 2ND
San Antonio BC batting - Pitching for Yakima Hops : LHP Felipe Lozano
Batting: RHB Ramón Robles 0-0: Foul Ball, location: 2F
0-1: Foul Ball, location: 2F
0-2: Strikes out looking
Batting: RHB Brodie Floyd 0-0: Foul Ball, location: 2F
0-1: Foul Ball, location: 2F
0-2: Ball
1-2: Ball
2-2: Ball
3-2: Foul Ball, location: 2F
3-2: Ground out 6-3 (Groundball, 6)
Batting: RHB Tong-sik Im 0-0: Called Strike
0-1: Swinging Strike
0-2: Fly out, F6 (Popup, 6)
Bottom of the 2nd over - 0 runs, 0 hits, 0 errors, 0 left on base; Yakima 1 - San Antonio 1
TOP OF THE 3RD
Yakima Hops batting - Pitching for San Antonio BC : RHP Shawn Coleman
Batting: LHB Gustavo Deleón 0-0: SINGLE (Line Drive, 89S)
Batting: RHB Vonne Navarrete 0-0: Fly out, F9 (Flyball, 89S)
Batting: RHB George Hubbard 0-0: Foul Ball, location: 2F
0-1: Called Strike
0-2: Ball
1-2: Ball
2-2: Ball
3-2: Fly out, F8 (Flyball, 8LM)
Batting: LHB Wulf Paauwe 0-0: Ball
1-0: Foul Ball, location: 2F
1-1: Fly out, F8 (Flyball, 78D)
Top of the 3rd over - 0 runs, 1 hit, 0 errors, 1 left on base; Yakima 1 - San Antonio 1
BOTTOM OF THE 3RD
San Antonio BC batting - Pitching for Yakima Hops : LHP Felipe Lozano
Batting: RHB Carlos Cardoza 0-0: Foul Ball, location: 2F
0-1: Swinging Strike
0-2: Foul Ball, location: 2F
0-2: Ball
1-2: Ball
2-2: Strikes out looking
Batting: RHB Alfonso Torres 0-0: Ball
1-0: Ball
2-0: Foul Ball, location: 2F
2-1: Swinging Strike
2-2: Ball
3-2: Base on Balls
Batting: RHB Tom Bancroft 0-0: Ball
1-0: Ball
2-0: Ball
3-0: Called Strike
3-1: Fly out, F7 (Flyball, 78D)
Batting: RHB Mike Howard 0-0: Ball
1-0: Foul Ball, location: 2F
1-1: Swinging Strike
1-2: Ball
2-2: Ball
3-2: Base on Balls
Alfonso Torres to second
Batting: RHB Silverberry Mouhon 0-0: Ball
1-0: Ball
2-0: Ball
3-0: Called Strike
3-1: Called Strike
3-2: Ground out 1-3 (Groundball, 15S)
Bottom of the 3rd over - 0 runs, 0 hits, 0 errors, 2 left on base; Yakima 1 - San Antonio 1
TOP OF THE 4TH
Yakima Hops batting - Pitching for San Antonio BC : RHP Shawn Coleman
Batting: RHB Lee Scrooby 0-0: Foul Ball, location: 2F
0-1: Swinging Strike
0-2: Ball
1-2: Ball
2-2: SOLO HOME RUN (Flyball, 7LD), Distance : 360 ft
Batting: LHB Héctor Velázquez 0-0: Ball
1-0: Called Strike
1-1: Ball
2-1: Ball
3-1: Base on Balls
Batting: RHB Jeromy Gride 0-0: Ball
Héctor Velázquez steals 2nd base
1-0: Foul Ball, location: 2F
1-1: DOUBLE (Flyball, 8LXD)
Héctor Velázquez scores
Batting: RHB Carlo Beedle 0-0: Fly out, F1 (Line Drive, 13)
Batting: SHB Zack Murphy 0-0: Ball
1-0: Ball
2-0: Ball
3-0: Base on Balls
Batting: LHB Gustavo Deleón 0-0: Ball
1-0: Ball
2-0: Foul Ball, location: 2F
2-1: 3-RUN HOME RUN (Flyball, 8LXD), Distance : 439 ft
Batting: RHB Vonne Navarrete 0-0: Ball
1-0: Called Strike
1-1: Ball
2-1: Ball
3-1: Base on Balls
Batting: RHB George Hubbard 0-0: Swinging Strike
0-1: Fly out, F8 (Flyball, 8RD)
Pitching: LHP Andrew Valdés
Batting: LHB Wulf Paauwe Pickoff Throw to First - Error! E1
Vonne Navarrete to second
0-0: Swinging Strike
0-1: Foul Ball, location: 2F
0-2: Ball
1-2: SINGLE (Groundball, 4MD)
Vonne Navarrete to third
Runner from 3rd tries for Home, SAFE, throw made home
Batting: RHB Lee Scrooby 0-0: Called Strike
0-1: Ball
1-1: Swinging Strike
1-2: Ball
2-2: Ball
3-2: Foul Ball, location: 2F
3-2: SINGLE (Flyball, 7LS)
Wulf Paauwe to second
Wulf Paauwe to third
Batting: LHB Héctor Velázquez 0-0: Ball
1-0: Ball
2-0: Called Strike
2-1: Ball
3-1: Swinging Strike
3-2: Strikes out swinging
Top of the 4th over - 6 runs, 5 hits, 1 error, 2 left on base; Yakima 7 - San Antonio 1
BOTTOM OF THE 4TH
San Antonio BC batting - Pitching for Yakima Hops : LHP Felipe Lozano
Batting: RHB Chet Mathis 0-0: Called Strike
0-1: Swinging Strike
0-2: Strikes out swinging
Batting: RHB Ramón Robles 0-0: Foul Ball, location: 2F
0-1: Called Strike
0-2: Strikes out swinging
Batting: RHB Brodie Floyd 0-0: DOUBLE (Line Drive, 8LXD)
Batting: RHB Tong-sik Im 0-0: Swinging Strike
0-1: Called Strike
0-2: Strikes out looking
Bottom of the 4th over - 0 runs, 1 hit, 0 errors, 1 left on base; Yakima 7 - San Antonio 1
TOP OF THE 5TH
Yakima Hops batting - Pitching for San Antonio BC : LHP Andrew Valdés
Batting: RHB Jeromy Gride 0-0: Ball
1-0: Called Strike
1-1: Fly out, F7 (Flyball, 7LMF)
Batting: RHB Carlo Beedle 0-0: Ball
1-0: Called Strike
1-1: Fly out, F7 (Flyball, 7D)
Batting: SHB Zack Murphy 0-0: Called Strike
0-1: Ground out 4-3 (Groundball, 4)
Top of the 5th over - 0 runs, 0 hits, 0 errors, 0 left on base; Yakima 7 - San Antonio 1
BOTTOM OF THE 5TH
San Antonio BC batting - Pitching for Yakima Hops : LHP Felipe Lozano
Batting: RHB Carlos Cardoza 0-0: Ball
1-0: Ball
2-0: Ball
3-0: Called Strike
3-1: Base on Balls
Batting: RHB Alfonso Torres 0-0: Called Strike
0-1: Ball
1-1: Ground out 5-3 (Groundball, 5S)
Carlos Cardoza to second
Batting: RHB Tom Bancroft 0-0: Called Strike
0-1: Swinging Strike
0-2: Ball
1-2: SINGLE (Groundball, 56S) (infield hit)
Carlos Cardoza to third
Batting: RHB Mike Howard 0-0: Called Strike
0-1: Foul Ball, location: 2F
0-2: Ball
1-2: Strikes out swinging
Batting: RHB Silverberry Mouhon 0-0: Called Strike
0-1: Ball
1-1: Ball
2-1: Foul Ball, location: 2F
2-2: Ball
3-2: Ground out 5-3 (Groundball, 56S)
Bottom of the 5th over - 0 runs, 1 hit, 0 errors, 2 left on base; Yakima 7 - San Antonio 1
TOP OF THE 6TH
Yakima Hops batting - Pitching for San Antonio BC : LHP Andrew Valdés
Batting: LHB Gustavo Deleón 0-0: Ball
1-0: Swinging Strike
1-1: Called Strike
1-2: Ball
2-2: Foul Ball, location: 2F
2-2: Strikes out swinging
Batting: RHB Vonne Navarrete 0-0: Fly out, F8 (Flyball, 78M)
Batting: RHB George Hubbard 0-0: Called Strike
0-1: Ball
1-1: Fly out, F9 (Flyball, 89S)
Top of the 6th over - 0 runs, 0 hits, 0 errors, 0 left on base; Yakima 7 - San Antonio 1
BOTTOM OF THE 6TH
San Antonio BC batting - Pitching for Yakima Hops : LHP Felipe Lozano
Batting: RHB Chet Mathis 0-0: Ball
1-0: Ground out 6-3 (Groundball, 6)
Pitching: LHP Ernesto Tamayo
Batting: RHB Ramón Robles 0-0: Ball
1-0: Ball
2-0: Called Strike
2-1: Ground out 6-3 (Groundball, 6)
Batting: RHB Brodie Floyd 0-0: Called Strike
0-1: Foul Ball, location: 2F
0-2: Foul Ball, location: 2F
0-2: Ball
1-2: Foul Ball, location: 2F
1-2: Foul Ball, location: 2F
1-2: Foul Ball, location: 2F
1-2: Strikes out looking
Bottom of the 6th over - 0 runs, 0 hits, 0 errors, 0 left on base; Yakima 7 - San Antonio 1
TOP OF THE 7TH
Yakima Hops batting - Pitching for San Antonio BC : LHP Andrew Valdés
Batting: LHB Wulf Paauwe 0-0: Ball
1-0: SINGLE (Groundball, 4MD)
Batting: RHB Lee Scrooby 0-0: Ball
1-0: Foul Ball, location: 2F
1-1: Ball
2-1: DOUBLE (Line Drive, 8LD)
Wulf Paauwe to third
Batting: LHB Héctor Velázquez 0-0: Ball
1-0: Called Strike
1-1: Foul Ball, location: 2F
1-2: Foul Ball, location: 2F
1-2: Ground out 4-3 (Groundball, 4)
Wulf Paauwe scores
Lee Scrooby to third
Batting: RHB Jeromy Gride 0-0: SINGLE (Flyball, 89S)
Lee Scrooby scores
Batting: RHB Carlo Beedle 0-0: Called Strike
0-1: Called Strike
0-2: DOUBLE (Flyball, 89D)
Jeromy Gride to third
Batting: SHB Zack Murphy 0-0: Fly out, F8 (Flyball, 8RD)
Runner from 3rd tags up, OUT at HOME
Top of the 7th over - 2 runs, 4 hits, 0 errors, 1 left on base; Yakima 9 - San Antonio 1
BOTTOM OF THE 7TH
San Antonio BC batting - Pitching for Yakima Hops : LHP Ernesto Tamayo
Batting: RHB Tong-sik Im 0-0: Fly out, F9 (Flyball, 9)
Batting: RHB Carlos Cardoza 0-0: Ball
1-0: Ball
2-0: Foul Ball, location: 2F
2-1: Foul Ball, location: 2F
2-2: Strikes out swinging
Batting: RHB Alfonso Torres 0-0: Ball
1-0: Ground out 4-3 (Groundball, 4)
Bottom of the 7th over - 0 runs, 0 hits, 0 errors, 0 left on base; Yakima 9 - San Antonio 1
TOP OF THE 8TH
Yakima Hops batting - Pitching for San Antonio BC : LHP Andrew Valdés
Batting: LHB Gustavo Deleón 0-0: Called Strike
0-1: Foul Ball, location: 2F
0-2: Strikes out swinging
Batting: RHB Vonne Navarrete 0-0: Ground out 6-3 (Groundball, 6)
Batting: RHB George Hubbard 0-0: Ball
1-0: SOLO HOME RUN (Flyball, 7D), Distance : 413 ft
Batting: LHB Wulf Paauwe 0-0: Reached on error, E3 (Groundball, 3)
Batting: RHB Lee Scrooby 0-0: Ball
1-0: Fly out, F8 (Flyball, 78D)
Top of the 8th over - 1 run, 1 hit, 1 error, 1 left on base; Yakima 10 - San Antonio 1
BOTTOM OF THE 8TH
San Antonio BC batting - Pitching for Yakima Hops : LHP Ernesto Tamayo
Batting: RHB Tom Bancroft 0-0: Ball
1-0: Ball
2-0: Ball
3-0: Called Strike
3-1: Base on Balls
Batting: RHB Mike Howard 0-0: Ball
1-0: Ball
2-0: Called Strike
2-1: Foul Ball, location: 2F
2-2: Reached on error, E5 (Groundball, 5S)
Tom Bancroft to second
Batting: RHB Silverberry Mouhon 0-0: Ball
1-0: Called Strike
1-1: Ball
2-1: Foul Ball, location: 2F
2-2: Ball
3-2: Foul Ball, location: 2F
3-2: Fly out, F3 (Popup, 3F)
Batting: RHB Chet Mathis 0-0: Ball
1-0: Called Strike
1-1: Foul Ball, location: 2F
1-2: Ball
2-2: Ball
3-2: Foul Ball, location: 2F
3-2: Base on Balls
Tom Bancroft to third
Mike Howard to second
Batting: RHB Ramón Robles 0-0: Ball
1-0: Called Strike
1-1: Grounds into double play, 5-4-3 (Groundball, 56)
Bottom of the 8th over - 0 runs, 0 hits, 1 error, 2 left on base; Yakima 10 - San Antonio 1
TOP OF THE 9TH
Yakima Hops batting - Pitching for San Antonio BC : LHP Andrew Valdés
Batting: LHB Héctor Velázquez 0-0: Called Strike
0-1: Swinging Strike
0-2: Ball
1-2: Ball
2-2: Ball
3-2: Strikes out swinging
Batting: RHB Jeromy Gride 0-0: Fly out, F4 (Popup, 13)
Batting: RHB Carlo Beedle 0-0: Swinging Strike
0-1: Ground out 1-3 (Groundball, P)
Top of the 9th over - 0 runs, 0 hits, 0 errors, 0 left on base; Yakima 10 - San Antonio 1
BOTTOM OF THE 9TH
San Antonio BC batting - Pitching for Yakima Hops : LHP Ernesto Tamayo
Now at C: Nicholas Seal
Batting: RHB Brodie Floyd 0-0: Swinging Strike
0-1: Ball
1-1: Ground out U3 (Groundball, 23)
Batting: RHB Tong-sik Im 0-0: Ball
1-0: Ball
2-0: Ball
3-0: Called Strike
3-1: Base on Balls
Batting: RHB Carlos Cardoza 0-0: Called Strike
0-1: Ball
1-1: Ball
2-1: Grounds into double play, 3-6-3 (Groundball, 34)
Bottom of the 9th over - 0 runs, 0 hits, 0 errors, 0 left on base; Yakima 10 - San Antonio 1
Friday, March 29th, 2019 - OOTP Baseball 18.8 Build 76